 Dungeon Crawl Stone Soup version 0.30-a0-591-g3c58d2bc28 (webtiles) character file.

Game seed: 4555665780812356554

456 Pooter the Chopper (level 6, 0/56 HPs)
             Began as a Minotaur Berserker on Jan 5, 2023.
             Was a Believer of Trog.
             Slain by a bullfrog zombie (6 damage)
             ... in an ossuary.
             The game lasted 00:11:14 (2988 turns).

Pooter the Chopper (Minotaur Berserker)             Turns: 2988, Time: 00:11:14

Health: 0/56       AC:  8    Str: 23    XL:     6   Next: 77%
Magic:  5/5        EV: 10    Int:  4    God:    Trog [**....]
Gold:   182        SH:  0    Dex: 10    Spells: 5/5 levels left

rFire   . . .      SeeInvis .    r - +0 trident
rCold   . . .      Faith    .    (no shield)
rNeg    . . .      Spirit   .    c - +0 scale mail
rPois   .          Reflect  .    (helmet restricted)
rElec   .          Harm     .    (no cloak)
rCorr   .          Rampage  .    i - +0 pair of gloves
Will    ++...                    h - +0 pair of boots Stlth
                                 (no amulet)
HPRegen 1.29/turn                (no ring)
MPRegen 0.09/turn                (no ring)

@: strong-willed, regenerating
A: horns 2, retaliatory headbutt
a: Renounce Religion, Berserk, Trog's Hand


You were in an ossuary.
You worshipped Trog.
Trog was pleased with you.
You visited 1 branch of the dungeon, and saw 4 of its levels.
You also visited: Ossuary.

You collected 182 gold pieces.

Inventory:

Hand Weapons
 a - a +0 hand axe
 b - a +0 sling
   (You found it on level 1 of the Dungeon)
 r - a +0 trident (weapon)
   (You found it on level 3 of the Dungeon)
 s - a +0 flail
   (You took it off an orc on level 4 of the Dungeon)
Missiles
 Q - 55 stones (quivered)
Armour
 c - a +0 scale mail (worn)
   (You found it on level 1 of the Dungeon)
 h - a +0 pair of boots (worn)
   (You found it on level 1 of the Dungeon)
 i - a +0 pair of gloves (worn)
   (You found it on level 2 of the Dungeon)
Scrolls
 d - a scroll of enchant weapon {unknown}
 e - a scroll of poison {!r}
 f - 2 scrolls of noise {unknown}
 g - a scroll of brand weapon {unknown}
 m - 2 scrolls of immolation {unknown}
 o - a scroll of fear
 p - a scroll of magic mapping {unknown}
 q - a scroll of acquirement {unknown}
 t - 4 scrolls of teleportation {@r4}
Potions
 j - a potion of lignification {unknown}
 k - a potion of attraction {unknown}
 l - a potion of flight {unknown}
 n - a potion of curing {unknown}
 u - a potion of heal wounds {unknown}


   Skills:
 + Level 5.3 Fighting
 * Level 6.7 Axes
 * Level 4.2 Ranged Weapons
 - Level 2.4 Armour
 - Level 2.1 Dodging


You had 5 spell levels left.
You didn't know any spells.
Your spell library was empty.

Dungeon Overview and Level Annotations

Branches:
Dungeon (4/15)            Ossuary (1/1)
 Temple: D:4-7

Altars:
Vehumet

Annotations:
D:2 1 runed translucent door, Crazy Yiuf
D:3 exclusion: statue


Innate Abilities, Weirdness & Mutations

You have a pair of horns on your head.
You reflexively headbutt those who attack you in melee.


Message History

Unknown command.
You hit the bullfrog zombie.
Your headbutt misses the bullfrog zombie.
Your skin stops crawling.
You feel less strong-willed. The bullfrog zombie hits you.
* * * LOW HITPOINT WARNING * * *
Unknown command.
Your skin crawls.
You feel strong-willed. The bullfrog zombie closely misses you.
The bullfrog zombie hits you but does no damage.
You puncture the bullfrog zombie! The bullfrog zombie closely misses you.
You barely miss the bullfrog zombie. The bullfrog zombie closely misses you.
The bullfrog zombie hits you but does no damage.
You puncture the bullfrog zombie! The bullfrog zombie barely misses you.
You hit the bullfrog zombie. The bullfrog zombie hits you.
* * * LOW HITPOINT WARNING * * *
You barely miss the bullfrog zombie. The bullfrog zombie barely misses you.
The bullfrog zombie hits you.
* * * LOW HITPOINT WARNING * * *
You puncture the bullfrog zombie! The bullfrog zombie barely misses you.
Unknown command.
You closely miss the bullfrog zombie. The bullfrog zombie hits you.
* * * LOW HITPOINT WARNING * * *
The bullfrog zombie misses you. You furiously retaliate!
You headbutt the bullfrog zombie.
You destroy the bullfrog zombie!
Trog accepts your kill.
A bullfrog zombie comes into view.
The centaur zombie hits you.
* * * LOW HITPOINT WARNING * * *
The centaur zombie kicks you but does no damage.
There is an open door here.
The bullfrog zombie attacks as you move away!
The bullfrog zombie barely misses you.
You puncture the centaur zombie!
The centaur zombie hits you but does no damage.
The centaur zombie misses you. The centaur zombie hits you.
* * * LOW HITPOINT WARNING * * *
The centaur zombie kicks you.
* * * LOW HITPOINT WARNING * * *
You puncture the centaur zombie! You headbutt the centaur zombie!
The centaur zombie hits you.
* * * LOW HITPOINT WARNING * * *
The centaur zombie barely misses you.
You hit the centaur zombie.
You destroy the centaur zombie!
Trog accepts your kill. The bullfrog zombie hits you.
You die...

.# ~.+
#.# #.'
'.###
#.'.
###.###
#@Z.'.#
#####.###
#∩..#.+
#.∩.'.#
#...#.+
#####.#
..' +#+##


You could see a bullfrog zombie.

Vanquished Creatures
  A steam dragon (D:4)
  A centaur zombie (Ossuary)
  3 bullfrog zombies (Ossuary)
  A hound (D:4)
  Jessica (D:2)
  8 mummies (Ossuary)
  2 adders (D:3)
  3 orcs
  4 ball pythons
  6 endoplasms
  2 giant cockroaches
  4 hobgoblins
  3 jackals (D:3)
  2 quokkas
  6 bats
  2 frilled lizards
  3 goblins
  5 kobolds
  4 rats
61 creatures vanquished.

Vanquished Creatures (others)
  3 withered plants (Ossuary)
3 creatures vanquished.

Grand Total: 64 creatures vanquished

Notes
Turn   | Place    | Note
-------+----------+-------------------------------------------
     0 | D:1      | Pooter the Minotaur Berserker began the quest for the Orb.
     0 | D:1      | Reached XP level 1. HP: 19/19 MP: 0/0
   138 | D:1      | Reached skill level 4 in Axes
   207 | D:1      | Reached XP level 2. HP: 25/27 MP: 1/1
  1328 | D:2      | Reached XP level 3. HP: 32/33 MP: 2/2
  1377 | D:2      | Noticed Jessica
  1386 | D:2      | Killed Jessica
  1387 | D:2      | Reached skill level 1 in Ranged Weapons
  1458 | D:2      | Found a runed translucent door.
  1459 | D:2      | Noticed Crazy Yiuf
  1853 | D:3      | Reached skill level 5 in Axes
  1906 | D:3      | Reached ** piety under Trog
  1946 | D:3      | Reached XP level 4. HP: 27/40 MP: 3/3
  2064 | D:3      | Found a radiant altar of Vehumet.
  2064 | D:3      | Noticed a charred statue
  2798 | D:4      | Noticed a steam dragon
  2834 | D:4      | Killed a steam dragon
  2835 | D:4      | Reached skill level 6 in Axes
  2835 | D:4      | Reached XP level 5. HP: 38/47 MP: 4/4
  2917 | D:4      | Found a sand-covered staircase.
  2922 | Ossuary  | Entered an ossuary
  2934 | Ossuary  | Reached XP level 6. HP: 55/55 MP: 5/5
  2937 | Ossuary  | Reached skill level 5 in Fighting
  2988 | Ossuary  | Slain by a bullfrog zombie

Illustrated notes

Levels and vault maps discovered:
D:1:      nagdon_arrival_double_spiral, layout_basic
D:2:      layout_loops_ring, minmay_tripent, uniq_crazy_yiuf_cottage,
          uniq_jessica
D:3:      layout_basic, vehumet_statue, kennysheep_generic_room_5
D:4:      layout_rooms, nicolae_overflow_crystal_walls,
          nicolae_dithmenos_the_darkroom, serial_shops, kennysheep_mini,
          enter_ossuary_2
Ossuary:  ossuary_zaba_flooded

Skill      XL: |  1  2  3  4  5  6 |
---------------+-------------------+-----
Axes           | 4 5 6 |  6.7
Fighting       | 4 5 |  5.3
Ranged Weapons | 1 3 4 |  4.2
Armour         | |  2.4
Dodging        | |  2.1

Action                   |  1- 3 |  4- 6 || total
-------------------------+-------+-------++-------
Melee: Hand axe          |    59 |     3 ||    62
       Headbutt          |     9 |    14 ||    23
       Trident           |       |    75 ||    75
       Flail             |       |     7 ||     7
 Fire: Sling             |    24 |     1 ||    25
Invok: Berserk           |     1 |     2 ||     3
       Trog's Hand       |       |     4 ||     4
  Use: Scroll            |     3 |       ||     3
Armor: Scale mail        |    20 |    31 ||    51
       Animal skin       |     1 |       ||     1
Dodge: Dodged            |    40 |    59 ||    99

Table legend: (Time is in decaauts)
 A = Elapsed time spent in this place.
 B = Non-inter-level travel time spent in this place.
 C = Inter-level travel time spent in this place.
 D = Time resting spent in this place.
 E = Time spent auto-exploring this place.
 F = Levels seen in this place.
 G = Mean time per level.
                   A        B        C        D        E       F      G
               +--------+--------+--------+--------+--------+-----+--------+
         Total |   3107 |   2974 |    133 |    298 |   2193 |   5 |  621.4 |
       Dungeon |   3029 |   2896 |    133 |    298 |   2193 |   4 |  757.2 |
       Ossuary |     77 |     77 |      0 |      0 |      0 |   1 |   77.0 |
               +--------+--------+--------+--------+--------+-----+--------+

Top non-repeatable levels by time:
     D:1: 1009 daAuts
     D:3: 981 daAuts
     D:2: 888 daAuts
     D:4: 150 daAuts
 Ossuary: 77 daAuts
